 Dungeon Crawl Stone Soup version 0.31-a0-965-g8a8ce12e04 (webtiles) character file.

Game seed: 891800639275877474

415 Maxmaps the Sneak (level 6, -5/41 (42) HPs)
             Began as an Octopode Monk on Oct 26, 2023.
             Slain by a wight
             ... wielding a +1 battleaxe of freezing
              (7 damage)
             ... on level 4 of the Dungeon.
             The game lasted 00:04:50 (3787 turns).

Maxmaps the Sneak (Octopode Monk)                   Turns: 3787, Time: 00:04:50

HP:   -5/41 (42)    AC:  1    Str: 11    XL:     6   Next: 91%
MP:   6/6           EV: 14    Int: 14    God:
Gold: 206           SH:  0    Dex: 14    Spells: 5/5 levels left

rFire   . . .        k - +3 arbalest
rCold   . . .        (shield currently unavailable)
rNeg    . . .        (helmet restricted)
rPois   .            (no amulet)
rElec   .            j - ring of willpower
rCorr   .            (no ring)
SInv    .            (no ring)
Will    +....        (no ring)
Stlth   ++++         (no ring)
HPRegen 0.26/turn    (no ring)
MPRegen 0.10/turn    (no ring)
                     (no ring)

%: no passive effects
@: lightly drained
A: almost no armour, amphibious, 8 rings, camouflage 1, gelatinous body 1,
(nimble swimmer 1), tentacles
a: no special abilities


You were on level 4 of the Dungeon.
You visited 1 branch of the dungeon, and saw 4 of its levels.
You also visited: Sewer.

You collected 242 gold pieces.
You spent 36 gold pieces at shops.

Inventory:

Hand Weapons
 k - a +3 arbalest (weapon)
Armour
 b - an orb of light
Jewellery
 j - a ring of willpower (left tentacle)
Wands
 i - a wand of iceblast (5)
 l - a wand of flame (18)
Scrolls
 c - a scroll of blinking
 d - 2 scrolls of identify
 e - 3 scrolls of teleportation
 g - a scroll of amnesia
 n - a scroll of poison {unknown}
Potions
 a - a potion of ambrosia
 f - 2 potions of lignification
 h - 2 potions of curing
 m - a potion of degeneration


   Skills:
 - Level 3.0 Fighting
 + Level 3.6 Ranged Weapons
 - Level 4.0 Dodging
 - Level 7.0 Stealth
 - Level 3.0 Unarmed Combat


You had 5 spell levels left.
You didn't know any spells.
Your spell library contained the following spells:

 Spells                   Type           Power      Damage    Failure   Level
 Kiss of Death            Conj/Necr      0%         2d5       28%         1
 Ensorcelled Hibernation  Hex/Ice        0%         N/A       41%         2
 Passwall                 Tmut/Erth      0%         N/A       41%         2
 Swiftness                Air            0%         N/A       65%         3
 Brom's Barrelling Bould  Conj/Erth      0%         2d3       96%         4
 Vhi's Electric Charge    Tloc/Air       0%         N/A       96%         4
 Arcjolt                  Conj/Air       0%         1d10      100%        5
 Plasma Beam              Fire/Air       0%         2x1d10    100%        6
 Lehudib's Crystal Spear  Conj/Erth      0%         10d2      100%        8


Dungeon Overview and Level Annotations

Branches:
Dungeon (4/15)              Sewer (visited)
 Temple: D:4-7

Altars:

Shops:
D:1 !

Annotations:
D:3 3 runed translucent doors, Cadnt's ghost, amateur HuHs


Innate Abilities, Weirdness & Mutations

You cannot wear most types of armour.
You are amphibious.
You can wear up to eight rings at the same time.
Your skin changes colour to match your surroundings (Stealth+).
Your rubbery body absorbs attacks. (AC +1, EV +1)
((You are camouflaged when in or above water. (Stealth+)))
You have tentacles for arms and can constrict up to eight enemies at once.


Message History

n - a scroll labelled POT MAIMNEFRISH You now have 206 gold pieces (gained 12).
Things that are here:
a +0 sling; a +0 club A wight comes into view.
It is wielding a +1 battleaxe of freezing.
The wight moves out of view.
A giant cockroach comes into view.
There are monsters nearby!
You shoot a bolt. The bolt closely misses the wight.
You shoot a bolt. The bolt closely misses the wight.
You shoot a bolt. The bolt hits the wight!
The wight is moderately damaged.
You shoot a bolt. The bolt barely misses the wight.
The wight hits you with a +1 battleaxe of freezing.
The wight freezes you.
You shoot a bolt. The bolt closely misses the wight.
The bolt hits the giant cockroach.
The giant cockroach is moderately wounded.
The wight closely misses you. The giant cockroach misses you.
You shoot a bolt. The bolt hits the wight!
The wight is almost destroyed.
The wight closely misses you. The giant cockroach bites you.
The wight hits you with a +1 battleaxe of freezing!
The wight freezes you.
The giant cockroach completely misses you.
You are too injured to fight recklessly!
You are too injured to fight recklessly!
Unknown command.
You are too injured to fight recklessly!
Fire: k) +3 arbalest
Press: ? - help, Shift-Dir - straight line, f/p - wight
Aim: a wight, wielding a +1 battleaxe of freezing and wearing a +0 robe (almost destroyed, 59% to hit)
You shoot a bolt.
The bolt hits the wight but does no damage.
The wight is almost destroyed.
The giant cockroach bites you.
The wight hits you with a +1 battleaxe of freezing!
* * * LOW HITPOINT WARNING * * *
You feel drained.
You die...

*****,**,,*****#..)#)###..##..)..
,,,*,,*,,**,~~,##.)...###..###...
,,,*,**,*#~,,,,~##.##.####.###...
,,,*,*,,*..*,>*,,#..#.#..........
,,,*,*,,*..#,⌠*,,#..#.#####......
,,,*,**,**≈..,,~##.##.# ####.##
,,,*,,*,,**,≈≈§##).#,,* #.#
,,,**,**^.####.#..##,** #.#
,,,,*,~**......z@##~,#########.#
,,,,**,,*#.8..8B##,,*#.........#
,,,,,*,,,#######*,,,*############
,,,,,**,,~,,~~,,~,,### #.....
,,,,,,*,~,,~,,~,,~,#.#######.####
********,,,~,,~,,,,#....)....#
**,~,,,,~,###.#########
*********#...# #####


You could see a wight and a giant cockroach.

Vanquished Creatures
  A bullfrog (Sewer)
  A scorpion (D:4)
  A gnoll bouda (D:4)
  A hound (D:4)
  An iguana (D:4)
  An orc wizard (D:4)
  A gnoll (D:4)
  3 adders
  A river rat (D:4)
  3 worms
  3 dart slugs
  8 orcs
  12 endoplasms
  11 giant cockroaches
  8 goblins
  7 hobgoblins
  4 kobolds
  10 quokkas
  13 ball pythons
  4 bats
  15 frilled lizards
  3 rats
112 creatures vanquished.

Notes
Turn   | Place    | Note
-------+----------+-------------------------------------------
     0 | D:1      | Maxmaps the Octopode Monk began the quest for the Orb.
     0 | D:1      | Reached XP level 1. HP: 16/16 MP: 1/1
    19 | D:1      | Found a faded altar of an unknown god.
   102 | D:1      | Reached skill level 1 in Stealth
   194 | D:1      | Reached skill level 2 in Stealth
   194 | D:1      | Reached XP level 2. HP: 21/21 MP: 2/2
   262 | D:1      | Found Anasim's Distillery.
   442 | D:1      | Reached skill level 3 in Stealth
   972 | D:1      | Bought a potion of lignification for 36 gold pieces
   992 | D:2      | Identified the of Koteq
  1155 | D:2      | Reached XP level 3. HP: 26/26 MP: 3/3
  1319 | D:2      | Reached skill level 4 in Stealth
  1879 | D:3      | Reached XP level 4. HP: 31/31 MP: 4/4
  1883 | D:3      | Reached skill level 5 in Stealth
  2292 | D:3      | Found a runed translucent gate.
  2292 | D:3      | Identified the +4 dagger of Delightful Exoneration
                  | {antimagic, rElec rC+ SInv}
  2305 | D:3      | Found a runed translucent gate.
  2306 | D:3      | Found a runed translucent gate.
  2306 | D:3      | Noticed Cadnt's ghost (amateur HuHs)
  2596 | D:4      | Found a glowing drain.
  2623 | D:4      | Reached skill level 6 in Stealth
  2626 | Sewer    | Entered a sewer
  2718 | Sewer    | Reached XP level 5. HP: 27/36 MP: 5/5
  2969 | Sewer    | Reached skill level 7 in Stealth
  3132 | D:4      | Reached skill level 1 in Ranged Weapons
  3132 | D:4      | Reached XP level 6. HP: 33/42 MP: 6/6
  3787 | D:4      | HP: 2/42 [wight/+1 battleaxe of freezing (15)]
  3787 | D:4      | Slain by a wight

Illustrated notes

Levels and vault maps discovered:
D:1:      lightli_iron_boxes, layout_loops_ring,
          hellmonk_ecumenical_altar_crossroads, serial_shops,
          nicolae_shop_just_a_little_nook, hangedman_abyss_or_decor_stabs
D:2:      layout_basic, serial_corexii_hall, corexii_hall_statues_i,
          corexii_hall_statues_l, chequers_hall_statues_wall_a,
          minmay_misc_feat_five
D:3:      layout_loops_ring, biasface_ghost_orc_armoury, minmay_bisected
D:4:      layout_basic, mainiacjoe_overflow_alcove_1,
          cheibrodos_sewer_entry_sluice, nzn_random_ring

Skill      XL: |  1  2  3  4  5  6 |
---------------+-------------------+-----
Stealth        | 2 3 4 6 7 |  7.0
Dodging        | 4 |  4.0
Ranged Weapons | 1 3 |  3.6
Fighting       | |  3.0
Unarmed Combat | |  3.0

Action                     |  1- 3 |  4- 6 || total
---------------------------+-------+-------++-------
  Melee: Unarmed           |    74 |   102 ||   176
         Tentacles         |    15 |    24 ||    39
         Punch             |     2 |     2 ||     4
         Constrict         |    21 |    23 ||    44
   Fire: Arbalest          |       |    70 ||    70
    Use: Scroll            |     6 |     6 ||    12
         Potion            |     1 |     1 ||     2
   Stab: Sleeping          |    14 |    13 ||    27
         Distracted        |       |     1 ||     1
 Armour: Skin              |    28 |    55 ||    83
  Dodge: Dodged            |    39 |    89 ||   128

Table legend: (Time is in decaauts)
 A = Elapsed time spent in this place.
 B = Non-inter-level travel time spent in this place.
 C = Inter-level travel time spent in this place.
 D = Time resting spent in this place.
 E = Time spent auto-exploring this place.
 F = Levels seen in this place.
 G = Mean time per level.
                   A        B        C        D        E       F      G
               +--------+--------+--------+--------+--------+-----+--------+
         Total |   3827 |   3667 |    160 |    214 |   2726 |   5 |  765.4 |
       Dungeon |   3351 |   3191 |    160 |     84 |   2598 |   4 |  837.8 |
         Sewer |    475 |    475 |      0 |    130 |    128 |   1 |  475.0 |
               +--------+--------+--------+--------+--------+-----+--------+

Top non-repeatable levels by time:
     D:1: 990 daAuts
     D:3: 848 daAuts
     D:4: 767 daAuts
     D:2: 745 daAuts
   Sewer: 475 daAuts
